 Dungeon Crawl Stone Soup version 0.16.0-16-g311141a (webtiles) character file.

21601 hulla the Transmogrifier (level 12, 0/104 HPs)
             Began as an Octopode Transmuter on Mar 19, 2015.
             Was a High Priest of Makhleb.
             Slain by Rupert
             ... wielding a +3 battleaxe of flaming
              (13 damage)
             ... while paralysed by Rupert
             ... on level 4 of the Lair of Beasts.
             The game lasted 04:22:08 (20066 turns).

hulla the Transmogrifier (Octopode Transmuter)     Turns: 20066, Time: 04:22:08

Health: 0/104      AC:  7    Str:  9    XL:     12   Next: 91%
Magic:  22/22      EV:  1    Int: 20    God:    Makhleb [*****.]
Gold:   1025       SH:  0    Dex: 13    Spells: 4 memorised, 9 levels left

rFire  x . .     SeeInvis +       - Unarmed
rCold  + + +     Clarity  .     (shield currently unavailable)
rNeg   . . .     SustAb   +     (helmet currently unavailable)
rPois  +         Gourm    +     V - amulet of the gourmand
rElec  .         Spirit   .     t - ring of wizardry
rCorr  .         Warding  .     y - +2 ring of evasion
rMut   .         Stasis   .     P - ring of poison resistance
MR     .....                    S - ring of sustain abilities
Stlth  ++........               n - ring of see invisible
                                (no ring)
                                (no ring)
                                (no ring)

@: paralysed, ice-form, not resistant to hostile enchantments, unstealthy
A: almost no armour, amphibious, 8 rings, (constrict 8), (camouflage 0),
(gelatinous body 0)
a: End Transformation, Minor Destruction, Lesser Servant of Makhleb, Major
Destruction, Greater Servant of Makhleb, Renounce Religion


You were on level 4 of the Lair of Beasts.
You worshipped Makhleb.
Makhleb was extremely pleased with you.
You were very full.
You were a creature of crystalline ice.
You visited 3 branches of the dungeon, and saw 16 of its levels.
You also visited: Bailey.

You collected 1025 gold pieces.

Inventory:

Hand weapons
 d - the +2 quarterstaff of Welfare {freeze, rElec Str+3 Stlth-}
   (You found it on level 9 of the Dungeon)

   It has been specially enchanted to freeze those struck by it, causing extra
   injury to most foes and up to half again as much damage against particularly
   susceptible opponents.
   It can also slow down cold-blooded creatures.
   It affects your strength (+3).
   It insulates you from electricity.
   It makes you less stealthy.
 q - a +1 flail of protection
 z - a +8 blowgun
 Y - a +0 hunting sling
Missiles
 b - 288 arrows
 e - 156 stones
 x - 44 sling bullets
 C - 6 javelins of returning (quivered)
 F - 97 poisoned needles
 X - 14 silver sling bullets
Magical staves
 a - an uncursed staff of power
Jewellery
 j - an uncursed ring of teleportation
 n - a ring of see invisible (on tentacle)
 t - a ring of wizardry (left front paw)
 y - a +2 ring of evasion (right front paw)
 P - a ring of poison resistance (on tentacle)
 R - an uncursed amulet of stasis
 S - a ring of sustain abilities (on tentacle)
 V - an amulet of the gourmand (around neck)
Magical devices
 i - a wand of teleportation (1)
 o - a wand of flame (32)
 r - a wand of digging (14)
 H - a wand of slowing (19)
 K - a wand of teleportation (5)
 Q - a wand of flame (31)
 W - a wand of disintegration (24)
Scrolls
 k - 6 scrolls of identify
 s - 4 scrolls of remove curse
 u - 2 scrolls of recharging
 A - a scroll of fear
 E - 3 scrolls of magic mapping
 O - 2 scrolls of enchant weapon
 T - 2 scrolls of teleportation
Potions
 c - 4 potions of ambrosia
 g - a potion of heal wounds
 l - 6 potions of curing
 m - a potion of cancellation {unknown}
 p - 2 potions of brilliance {unknown}
 w - a potion of berserk rage {unknown}
 B - 2 potions of haste
 D - 3 potions of might
 G - a potion of restore abilities {unknown}
 U - a potion of agility
Books
 v - Cigotuvi's Papyrus of Transformation
   (You acquired it on level 2 of the Lair of Beasts)

   Spells                             Type                      Level
   a - Stoneskin                      Transmutation/Earth          2
   b - Spider Form                    Transmutation/Poison         3
   c - Irradiate                      Conjuration/Transmutation    5
   d - Ignite Poison                  Fire/Transmutation           5
 N - a book of Callings

   Spells                             Type                      Level
   a - Summon Small Mammal            Summoning                    1
   b - Call Imp                       Summoning                    2
   c - Call Canine Familiar           Summoning                    3
   d - Summon Guardian Golem          Hexes/Summoning              4
   e - Summon Lightning Spire         Summoning/Air                4
   f - Summon Ice Beast               Ice/Summoning                4
Comestibles
 f - 6 beef jerkies
 h - 7 bread rations
 I - 4 chunks of flesh
 J - 2 meat rations
 L - a royal jelly
 M - 56 fruits
 Z - 3 poisonous chunks of flesh


   Skills:
 + Level 10.2 Fighting
 - Level 6.0 Dodging
 - Level 2.0 Stealth
 + Level 6.0 Unarmed Combat
 + Level 4.1 Spellcasting
 + Level 14.9 Transmutations
 - Level 3.0 Ice Magic
 - Level 2.0 Poison Magic
 - Level 4.0 Invocations


You had 9 spell levels left.
You knew the following spells:

 Your Spells              Type           Power        Failure   Level  Hunger
a - Beastly Appendage     Trmt           ######       1%          1    None
b - Spider Form           Trmt/Pois      #####.....   1%          3    ###....
c - Sticks to Snakes      Trmt           ######....   1%          2    #......
d - Ice Form              Ice/Trmt       #####...     1%          4    ####...


Dungeon Overview and Level Annotations

Branches:
Dungeon (11/15)            Temple (1/1) D:4            Lair (4/8) D:11
 Spider (0/5) Lair:3
  Swamp: Lair:3-6    Shoals: Lair:3-6       Orc: D:9-12

Altars:
Ashenzari
Cheibriados
Dithmenos
Elyvilon
Fedhas
Gozag
Kikubaaqudgha
Makhleb
Nemelex Xobeh
Okawaru
Qazlal
Ru
Sif Muna
Trog
Vehumet
Xom
Yredelemnul
Zin
The Shining One

Shops:
D:11 *

Annotations:
D:3 Koef's ghost, average HuFi
D:9 Gastronok
Lair:4 Rupert


Innate Abilities, Weirdness & Mutations

You cannot wear most types of armour.
You are amphibious.
You can wear up to eight rings at the same time.
((You can use your tentacles to constrict many enemies at once.))
((Your skin changes colour to match your surroundings (Stealth).))
((Your rubbery body absorbs attacks (AC +1).))


Message History

Rupert yells loudly at you.
You struggle to resist.
The water moccasin bites you.
Your quasit disappears in a puff of smoke! x2
The water moccasin bites you. Rupert roars wildly at you.
You struggle to resist.
The water moccasin bites you but does no damage.
Rupert roars madly and goes into a rage!
Rupert goes berserk!
Your surroundings suddenly seem different.
The neqoxec gestures.
Found a royal jelly.
The giant frog hits you but does no damage.
The water moccasin bites you but does no damage.
The giant frog hits you but does no damage.
The water moccasin bites you.
Rupert hits you with a battleaxe of flaming!!
* * * LOW HITPOINT WARNING * * *
Rupert melts you!
You die...

.............###.........
..##.##...#..#...........
..#####.................
..#P..P.................
.............!......#.#.
...................##.#
.........######...#.##.P
..#.....#..##..@SF.......
..#..##.......53Y........
..##.##....#.............
...P.###...#P...........
......#.................
......##................
.....###...##..........
.......#..............
...........#.........
......รท....##....%


You could see Rupert (berserk), a neqoxec, a water moccasin, a giant frog and a
crimson imp.

Vanquished Creatures
  A cyclops (D:11)
  2 orc knights (Bailey)
  A manticore (D:11)
  2 griffons (Lair:3)
  An ugly thing (D:11)
  A black mamba (Lair:1)
  A gargoyle (D:11)
  Psyche (D:9)
  2 centaur skeletons
  3 spiny frogs
  A komodo dragon (Lair:1)
  2 fire drakes
  Prince Ribbit (D:4)
  3 blink frogs (Lair:2)
  2 wyverns
  2 humans
  Eustachio (D:9)
  6 yaks (D:10)
  3 hippogriffs
  10 wolves
  3 swamp worms (D:11)
  8 water moccasins
  5 orc warriors
  2 ice beasts
  3 sky beasts (D:10)
  8 spiders (Lair:3)
  2 wasps
  A necrophage (D:9)
  8 ogres
  A black bear (D:10)
  3 phantoms
  6 porcupines
  4 crocodiles
  6 centaurs
  13 giant frogs
  Sigmund (D:4)
  Duvessa (D:6)
  A brain worm (D:11)
  4 big kobolds
  4 scorpions
  6 killer bees
  An electric eel (Lair:4)
  2 giant frog zombies
  Dowan (D:6)
  5 crimson imps
  9 hounds
  A centaur zombie (D:11)
  3 giant frog skeletons
  6 iguanas
  5 jellies
  5 orc priests
  12 orc wizards
  5 worker ants
  A killer bee zombie (D:8)
  Ijyb (D:3)
  4 hound skeletons
  A mummy (D:10)
  17 adders
  4 gnolls
  32 river rats
  A shadow imp (D:5)
  2 giant mites
  13 worms (D:11)
  3 adder skeletons
  2 adder zombies
  4 giant geckos
  5 oozes
  31 orcs
  A ball python (D:5)
  22 bats
  A bat skeleton (D:8)
  5 giant cockroaches
  8 goblins
  22 hobgoblins
  41 kobolds
  17 quokkas
  3 giant gecko zombies
  6 giant newts
  A giant spore (D:9)
  A quokka skeleton (D:6)
  20 rats
  11 ballistomycetes
  A fungus (Lair:3)
472 creatures vanquished.

Vanquished Creatures (collateral kills)
  Nergalle (D:11)
  2 hill giants
  2 ugly things (D:11)
  Maurice (D:9)
  A spiny frog (Lair:1)
  A troll (D:10)
  A two-headed ogre (D:8)
  A porcupine (Lair:3)
  A water moccasin (D:11)
  An ogre (D:4)
  2 adders (D:11)
  An orc (D:10)
  A quokka (Lair:2)
  A ball python (D:5)
  2 kobolds (D:11)
19 creatures vanquished.

Vanquished Creatures (others)
  A hellwing (Lair:4)
  2 neqoxecs
  A centaur (D:6)
  An adder (D:6)
  A shadow imp (Lair:2)
  7 ufetubi
  An adder skeleton (D:9)
  A quokka (D:9)
  3 giant spores
  2 plants (D:11)
20 creatures vanquished.

Grand Total: 511 creatures vanquished

Notes
Turn   | Place    | Note
--------------------------------------------------------------
     0 | D:1      | hulla, the Octopode Transmuter, began the quest for the Orb.
     0 | D:1      | Reached XP level 1. HP: 13/13 MP: 3/3
   125 | D:1      | Reached XP level 2. HP: 15/18 MP: 4/4
   711 | D:1      | Reached XP level 3. HP: 23/23 MP: 6/6
   760 | D:1      | Learned a level 3 spell: Spider Form
   843 | D:2      | Reached skill level 1 in Poison Magic
  1024 | D:2      | Found a shattered altar of Ashenzari.
  1213 | D:2      | Reached XP level 4. HP: 26/28 MP: 5/7
  1217 | D:2      | Learned a level 2 spell: Sticks to Snakes
  1228 | D:2      | Found a snail-covered altar of Cheibriados.
  1265 | D:2      | Found a glowing golden altar of the Shining One.
  1581 | D:3      | Found a bloodstained altar of Trog.
  1657 | D:3      | Noticed Koef's ghost (average HuFi)
  1756 | D:3      | Noticed Ijyb
  1766 | D:3      | Killed Ijyb
  1766 | D:3      | Reached skill level 1 in Stealth
  1766 | D:3      | Reached skill level 4 in Transmutations
  2118 | D:3      | Reached XP level 5. HP: 27/33 MP: 5/9
  2401 | D:3      | Found a sparkling altar of Nemelex Xobeh.
  2849 | D:4      | Noticed Sigmund
  2861 | D:4      | Killed Sigmund
  2861 | D:4      | Reached XP level 6. HP: 20/38 MP: 7/10
  2898 | D:4      | Found a sacrificial altar of Ru.
  3086 | D:4      | Found a sacrificial altar of Ru.
  3140 | D:4      | Noticed an ogre
  3169 | D:4      | Killed an ogre
  3169 | D:4      | Reached skill level 5 in Transmutations
  3255 | D:4      | Found a shimmering altar of Xom.
  3283 | D:4      | Found a staircase to the Ecumenical Temple.
  3283 | D:4      | Noticed Prince Ribbit
  3355 | D:5      | Entered Level 5 of the Dungeon
  3463 | D:5      | Reached XP level 7. HP: 24/45 MP: 4/12
  3486 | D:5      | Learned a level 4 spell: Ice Form
  3735 | D:5      | Reached skill level 6 in Transmutations
  3735 | D:5      | Reached skill level 1 in Ice Magic
  4410 | D:5      | Reached XP level 8. HP: 34/51 MP: 4/13
  4711 | D:6      | Reached skill level 5 in Dodging
  4714 | D:6      | Found a stormy altar of Qazlal.
  4806 | D:4      | Killed Prince Ribbit
  4806 | D:4      | Reached skill level 7 in Transmutations
  5173 | D:6      | Found a sparkling altar of Nemelex Xobeh.
  5262 | D:6      | Noticed Duvessa
  5262 | D:6      | Noticed Dowan
  5280 | D:6      | Killed Duvessa
  5281 | D:6      | Killed Dowan
  5319 | D:6      | Reached skill level 8 in Transmutations
  5319 | D:6      | Reached XP level 9. HP: 46/56 MP: 8/14
  5928 | Temple   | Entered the Ecumenical Temple
  6307 | Temple   | Became a worshipper of Makhleb the Destroyer
  6565 | D:7      | Found a flagged portal.
  6577 | Bailey   | Entered a bailey
  6636 | Bailey   | Noticed an orc knight
  6744 | Bailey   | Learned a level 1 spell: Sandblast
  7001 | Bailey   | Killed an orc knight
  7001 | Bailey   | Reached skill level 9 in Transmutations
  7147 | Bailey   | Noticed an orc knight
  7286 | Bailey   | Killed an orc knight
  7286 | Bailey   | Acquired Makhleb's first power
  7286 | Bailey   | Reached skill level 5 in Fighting
  7345 | Bailey   | Found a burning altar of Makhleb.
  7671 | D:7      | Reached skill level 10 in Transmutations
  8093 | D:7      | Reached XP level 10. HP: 24/68 MP: 11/16
  8674 | D:7      | Acquired Makhleb's second power
  9208 | D:7      | Got a transparent spear
  9214 | D:7      | Identified the cursed +1 spear "Lose" {freeze, MR- Int+3} (You took it off a hobgoblin on level 7 of the Dungeon)
  9499 | D:8      | Found an ancient bone altar of Kikubaaqudgha.
  9535 | D:8      | Reached skill level 1 in Invocations
  9741 | D:8      | Reached skill level 11 in Transmutations
  9934 | D:8      | Found a basalt altar of Yredelemnul.
 10831 | D:9      | Found an iron altar of Okawaru.
 10876 | D:9      | Acquired Makhleb's third power
 10878 | D:9      | Noticed Psyche
 11300 | D:9      | Noticed Maurice
 11321 | D:9      | Killed Maurice
 11515 | D:9      | Killed Psyche
 11860 | D:9      | Got an ichor-stained quarterstaff
 12112 | D:9      | Found a white marble altar of Elyvilon.
 12115 | D:9      | Noticed Gastronok
 12137 | D:9      | Acquired Makhleb's fourth power
 12342 | D:8      | Identified the cursed +2 quarterstaff of Welfare {freeze, rElec Str+3 Stlth-} (You found it on level 9 of the Dungeon)
 12449 | D:9      | Reached skill level 12 in Transmutations
 12449 | D:9      | Reached XP level 11. HP: 60/75 MP: 15/18
 12553 | D:10     | Entered Level 10 of the Dungeon
 12719 | D:10     | Noticed a hill giant
 13244 | D:9      | Noticed Eustachio
 13262 | D:9      | Killed Eustachio
 13911 | D:10     | Reached skill level 13 in Transmutations
 14062 | D:10     | Killed a hill giant
 14415 | D:11     | Noticed Nergalle
 14503 | D:11     | Killed Nergalle
 14720 | D:11     | Found Ima Pnuh's General Store.
 14738 | D:11     | Noticed a hill giant
 14751 | D:11     | Killed a hill giant
 15251 | D:11     | Found a staircase to the Lair.
 15305 | D:11     | HP: 2/80 [manticore (12)]
 15431 | D:11     | Reached skill level 14 in Transmutations
 15431 | D:11     | Reached XP level 12. HP: 73/85 MP: 19/19
 15482 | Lair:1   | Entered Level 1 of the Lair of Beasts
 16476 | Lair:2   | Acquired Makhleb's fifth power
 16916 | Lair:2   | Identified a scroll of acquirement
 16917 | Lair:2   | Identified Cigotuvi's Papyrus of Transformation (You acquired it on level 2 of the Lair of Beasts)
 17112 | Lair:1   | Reached skill level 5 in Unarmed Combat
 17647 | Lair:2   | Noticed a five-headed hydra
 18232 | Lair:3   | Found a hole to the Spider Nest.
 19119 | Lair:3   | Reached skill level 10 in Fighting
 19239 | Lair:3   | Noticed a five-headed hydra
 20048 | Lair:4   | Noticed Rupert
 20060 | Lair:4   | Paralysed by Rupert for 7 turns
 20066 | Lair:4   | Slain by Rupert

Action                   |  1- 3 |  4- 6 |  7- 9 | 10-12 || total
-------------------------+-------+-------+-------+-------++-------
Melee: Short sword       |    27 |       |       |       ||    27
       Unarmed           |    19 |   115 |   223 |   843 ||  1200
       Dagger            |    19 |       |       |       ||    19
       Staff             |       |       |       |    26 ||    26
 Fire: Hunting sling     |       |       |    74 |     3 ||    77
       Blowgun           |       |       |    21 |     4 ||    25
Throw: Stone             |     8 |     6 |     8 |     1 ||    23
       Tomahawk          |       |       |    21 |    16 ||    37
       Javelin           |       |       |       |    16 ||    16
 Cast: Beastly Appendage |     4 |     5 |    13 |    16 ||    38
       Spider Form       |       |     9 |    20 |    61 ||    90
       Sticks to Snakes  |       |     3 |    17 |    11 ||    31
       Ice Form          |       |       |    11 |    33 ||    44
       Sandblast         |       |       |       |     4 ||     4
Invok: Lesser Servant of |       |       |       |    21 ||    21
 Abil: End Transformatio |       |       |     3 |     7 ||    10
Evoke: Wand              |       |       |     3 |       ||     3
  Use: Scroll            |     3 |       |     6 |    28 ||    37
       Potion            |       |       |     1 |     5 ||     6
 Stab: Sleeping          |     6 |    13 |     4 |    22 ||    45
       Distracted        |       |     1 |     1 |     2 ||     4
  Eat: Chunk             |     1 |     8 |    20 |    65 ||    94
       Pizza             |       |       |     1 |       ||     1
